 Dungeon Crawl Stone Soup version 0.23-a0-586-gacb4b3f (console) character file.

678176 Duffy the Sorcerer (level 27, -31/255 HPs)
             Began as a Naga Fire Elementalist on Dec 18, 2018.
             Was the Champion of Vehumet.
             Annihilated by a phantasmal warrior (34 damage)
             ... summoned by a vampire mage
             ... on level 12 of a ziggurat.
             The game lasted 03:35:11 (84264 turns).

Duffy the Sorcerer (Naga Fire Elementalist)        Turns: 84264, Time: 03:35:12

Health: -31/255    AC: 32    Str: 13    XL:     27
Magic:  28/51      EV: 25    Int: 30    God:    Vehumet [******]
Gold:   6090       SH: 23    Dex: 17    Spells: 15/74 levels left

rFire    + + .     SeeInvis +   v - staff of earth
rCold    + + .     Gourm    .   t - +0 large shield
rNeg     . . .     Faith    .   p - +2 robe {rC+ rF+}
rPois    +         Spirit   .   D - +2 helmet
rElec    +         Reflect  .   J - +1 cloak of Starlight {rElec rC+ EV+4 Stlth--}
rCorr    .         Harm     .   W - +2 pair of gloves {Dex+3}
MR       +++..     Clarity  +   H - +4 naga barding "Qishodda" {Str+2 Dex+2}
Stlth    ..........             o - amulet of Spring {RegenMP +Blink}
HPRegen  0.52/turn              X - ring of fire
MPRegen  0.57/turn              Z - ring "Xeoblax" {rPois EV+6 Str-3 Int+3 SInv}

@: very slightly contaminated, slowed, deflect missiles, very slow
A: large, large bone plates 1, rugged brown scales 1, see invisible, clarity,
cold resistance 1, deformed body, poison resistance, slowness 2, slow metabolism
1, spit poison 1, strong 1, constrict 1, AC +9
}: 4/15 runes: serpentine, barnacled, slimy, silver
a: Spit Poison, Renounce Religion, Evoke Blink


You were on level 12 of a ziggurat.
You worshipped Vehumet.
Vehumet was exalted by your worship.
You were near starving.

You visited 11 branches of the dungeon, and saw 53 of its levels.
You visited the Abyss 1 time.
You visited 1 ziggurat, and saw 12 of its levels.
You also visited: Gauntlet and Ice Cave.

You collected 7432 gold pieces.
You spent 1342 gold pieces at shops.

Inventory:

Hand Weapons
 P - the +10 zealot's sword {holy, *Rage rN+ EV+3}
   (You found it on level 10 of a ziggurat)

   It has been blessed by the Shining One to cause great damage to the undead
   and demons.
   It affects your evasion (+3).
   It protects you from negative energy.
   It may make you go berserk in combat.
Armour
 p - a +2 robe of resistance (worn)
 r - the +2 cloak of the Thief {+Fog Slay-2 SInv Stlth+}
   (You found it on level 3 of the Depths)

   It affects your accuracy and damage with ranged weapons and melee attacks
   (-2).
   It lets you see invisible.
   It makes you more stealthy.
 t - a +0 large shield (worn)
 D - a +2 helmet (worn)
 H - the +4 naga barding "Qishodda" (worn) {Str+2 Dex+2}
   (You found it on level 1 of the Snake Pit)

   It affects your strength (+2).
   It affects your dexterity (+2).
 I - the +1 storm dragon scales "Ryaf" {rElec rPois SInv}
   (You found it on level 8 of a ziggurat)

   It insulates you from electricity.
   It protects you from poison.
   It lets you see invisible.
 J - the +1 cloak of Starlight (worn) {rElec rC+ EV+4 Stlth--}
   (You found it on level 9 of a ziggurat)

   It affects your evasion (+4).
   It protects you from cold.
   It insulates you from electricity.
   It makes you much less stealthy.
 W - a +2 pair of gloves of dexterity (worn)
Magical Staves
 a - an uncursed staff of conjuration
 b - an uncursed staff of energy
 v - an uncursed staff of earth (weapon)
Jewellery
 o - the amulet of Spring (around neck) {RegenMP +Blink}
   (You took it off a vampire mage on level 2 of the Crypt)

   [amulet of magic regeneration]

   It increases your magic regeneration.
   It lets you blink.
 w - the ring of Seok {Wiz +Inv rF+ Dex+4}
   (You found it on level 3 of the Depths)

   [ring of wizardry]

   It improves your spell success rate.
   It affects your dexterity (+4).
   It protects you from fire.
   It lets you turn invisible.
 G - the macabre finger necklace {rN+}
   (You took it off a fire giant on level 5 of the Vaults)

   [amulet of nothing]

   It protects you from negative energy.
 K - the ring "Igha Aziwano" {rCorr rC+}
   (You found it on level 10 of a ziggurat)

   [ring of resist corrosion]

   It protects you from cold.
 X - a ring of fire (left hand)
 Z - the ring "Xeoblax" (right hand) {rPois EV+6 Str-3 Int+3 SInv}
   (You took it off a minotaur in a Gauntlet)

   [ring of evasion]

   It affects your evasion (+6).
   It affects your strength (-3).
   It affects your intelligence (+3).
   It protects you from poison.
   It lets you see invisible.
Wands
 u - a wand of digging (8)
 z - a wand of acid (8)
 T - a wand of iceblast (11)
Scrolls
 d - 13 scrolls of blinking
 i - 12 scrolls of amnesia
 n - 27 scrolls of remove curse
 s - 5 scrolls of summoning
 x - 13 scrolls of immolation
 B - 20 scrolls of identify
 C - 3 scrolls of magic mapping
 F - 10 scrolls of fear
 L - 10 scrolls of fog
 V - 17 scrolls of teleportation
Potions
 e - a potion of ambrosia
 f - 5 potions of mutation
 h - 4 potions of magic
 j - 20 potions of curing
 k - 10 potions of brilliance
 m - 8 potions of flight
 A - 8 potions of agility
 N - 7 potions of heal wounds
 O - 10 potions of haste
 Q - 4 potions of invisibility
 R - 4 potions of resistance
 U - 4 potions of cancellation
Miscellaneous
 g - a fan of gales
 q - a phantom mirror
 y - 2 sacks of spiders
 E - a box of beasts
Comestibles
 c - 57 rations


   Skills:
 - Level 15.0 Fighting
 - Level 8.8 Armour
 - Level 11.0 Dodging
 - Level 3.0 Stealth
 - Level 15.0 Shields
 + Level 24.3 Spellcasting
 - Level 12.0 Conjurations
 - Level 6.0 Charms
 - Level 2.0 Translocations
 - Level 17.0 Fire Magic
 - Level 6.0 Air Magic
 - Level 22.0 Earth Magic
 - Level 10.0 Poison Magic
 + Level 11.0 Evocations


You had 15 spell levels left.
You knew the following spells:

 Your Spells              Type           Power        Failure   Level  Hunger
g - Shatter               Erth           ########..   2%          9    #####..
h - Bolt of Fire          Conj/Fire      ########..   1%          6    None
i - Ignition              Fire           ########..   1%          8    ####...
j - Poison Arrow          Conj/Pois      #######...   1%          6    None
k - Fireball              Conj/Fire      ########..   1%          5    None
m - Deflect Missiles      Chrm/Air       ######....   11%         6    None
o - Mephitic Cloud        Conj/Pois/Air  #######.     1%          3    None
s - Sticky Flame          Conj/Fire      ########     0%          4    None
u - Orb of Destruction    Conj           #######...   1%          7    None
y - Regeneration          Chrm/Necr      ######....   1%          3    None
B - Blink                 Tloc           N/A          1%          2    None

Your spell library contained the following spells:

 Spells                   Type           Power        Failure   Level  Hunger
 Chain Lightning          Conj/Air       ######....   32%         8    ####...
 Tornado                  Air            ######....   100%        9    #####..
 Flame Tongue             Conj/Fire      #####        0%          1    None
 Magic Dart               Conj           ####         0%          1    None
 Sandblast                Erth           ######       0%          1    None
 Sting                    Conj/Pois      ####         0%          1    None
 Passwall                 Tmut/Erth      ########     0%          2    None
 Searing Ray              Conj           ######       0%          2    None
 Throw Flame              Conj/Fire      ######       0%          2    None
 Conjure Flame            Conj/Fire      ########     0%          3    None
 Stone Arrow              Conj/Erth      ######       0%          3    None
 Bolt of Magma            Conj/Fire/Erth ########..   0%          5    None
 Lee's Rapid Deconstruct  Erth           ########..   0%          5    None
 Apportation              Tloc           #####.       1%          1    None
 Beastly Appendage        Tmut           #####.       1%          1    None
 Confusing Touch          Hex            #####.       1%          1    None
 Corona                   Hex            #####..      1%          1    None
 Freeze                   Ice            ####         1%          1    None
 Infusion                 Chrm           ####         1%          1    None
 Summon Butterflies       Summ           #####...     1%          1    None
 Summon Small Mammal      Summ           ####         1%          1    None
 Call Imp                 Summ           #####...     1%          2    None
 Corpse Rot               Necr           N/A          1%          2    None
 Ensorcelled Hibernation  Hex/Ice        #####.       1%          2    None
 Poisonous Vapours        Pois/Air       ######       1%          2    None
 Shroud of Golubria       Chrm/Tloc      ######....   1%          2    None
 Slow                     Hex            #####...     1%          2    None
 Song of Slaying          Chrm           ######..     1%          2    None
 Sticks to Snakes         Tmut           #####...     1%          2    None
 Swiftness                Chrm/Air       ######..     1%          2    None
 Throw Frost              Conj/Ice       ######       1%          2    None
 Dazzling Spray           Conj/Hex       ######       1%          3    None
 Gell's Gravitas          Tloc           #####.....   1%          3    None
 Ignite Poison            Fire/Tmut/Pois #######.     1%          3    None
 Inner Flame              Hex/Fire       #######.     1%          3    None
 Lesser Beckoning         Tloc           #####.....   1%          3    None
 Ozocubu's Armour         Chrm/Ice       ######..     1%          3    None
 Portal Projectile        Hex/Tloc       #####.       1%          3    None
 Recall                   Summ/Tloc      N/A          1%          3    None
 Spectral Weapon          Hex/Chrm       ######..     1%          3    None
 Spider Form              Tmut/Pois      ######....   1%          3    None
 Teleport Other           Tloc           #####...     1%          3    None
 Force Lance              Conj/Tloc      ######..     1%          4    None
 Fulminant Prism          Conj/Hex       ######....   1%          4    None
 Iskenderun's Mystic Bla  Conj           #######.     1%          4    None
 Leda's Liquefaction      Hex/Erth       ########..   1%          4    None
 Petrify                  Tmut/Erth      ########     1%          4    None
 Throw Icicle             Conj/Ice       ######..     1%          4    None
 Irradiate                Conj/Tmut      ######....   1%          5    None
 Iskenderun's Battlesphe  Conj/Chrm      ######..     1%          5    None
 Venom Bolt               Conj/Pois      #######...   1%          5    None
 Iron Shot                Conj/Erth      ########..   1%          6    None
 Statue Form              Tmut/Erth      ########.    1%          6    None
 Call Canine Familiar     Summ           #####...     2%          3    None
 Confuse                  Hex            #####...     2%          3    None
 Summon Guardian Golem    Hex/Summ       #####...     2%          3    None
 Tukima's Dance           Hex            #####...     2%          3    None
 Summon Lightning Spire   Summ/Air       ######..     2%          4    None
 Alistair's Intoxication  Tmut/Pois      ######..     2%          5    None
 Passage of Golubria      Tloc           N/A          3%          4    None
 Silence                  Hex/Air        ######....   6%          5    None
 Yara's Violent Unravell  Hex/Tmut       #####.....   6%          5    None
 Ring of Flames           Chrm/Fire      ########..   6%          7    None
 Cause Fear               Hex            #####.....   9%          4    None
 Ice Form                 Ice/Tmut       #####...     9%          4    None
 Summon Ice Beast         Ice/Summ       #####...     9%          4    None
 Summon Forest            Summ/Tloc      #####.....   16%         5    None
 Spellforged Servitor     Conj/Summ      ######....   16%         7    None
 Aura of Abjuration       Summ           #####.....   22%         5    None
 Blade Hands              Tmut           #####.....   22%         5    None
 Dispel Undead            Necr           #####...     22%         5    None
 Metabolic Englaciation   Hex/Ice        #####.....   22%         5    None
 Summon Demon             Summ           #####.....   22%         5    None
 Summon Mana Viper        Hex/Summ       #####...     22%         5    None
 Hydra Form               Tmut           #####.....   77%         6    None
 Invisibility             Hex            #####...     77%         6    None
 Shadow Creatures         Summ           N/A          77%         6    None
 Simulacrum               Ice/Necr       #####.....   77%         6    None
 Malign Gateway           Summ/Tloc      #####.....   99%         7    None
 Dragon Form              Tmut           #####.....   100%        7    None
 Haunt                    Necr/Summ      #####.....   100%        7    None
 Monstrous Menagerie      Summ           #####.....   100%        7    None
 Summon Greater Demon     Summ           #####.....   100%        7    None
 Summon Hydra             Summ           #####.....   100%        7    None
 Borgnjor's Revivificati  Necr           #####.....   100%        8    ####...
 Death's Door             Chrm/Necr      ######....   100%        8    ####...
 Discord                  Hex            #####.....   100%        8    ####...
 Infestation              Necr           #####.....   100%        8    ####...
 Necromutation            Tmut/Necr      #####.....   100%        8    ####...
 Summon Horrible Things   Summ           #####.....   100%        8    ####...
 Dragon's Call            Summ           #####.....   100%        9    #####..


Dungeon Overview and Level Annotations

Branches:
Dungeon (15/15)            Temple (1/1) D:4            Lair (6/6) D:9
 Shoals (4/4) Lair:2        Snake (4/4) Lair:4        Slime (5/5) Lair:6
    Orc (2/2) D:10            Elf (3/3) Orc:2        Vaults (5/5) D:14
  Crypt (3/3) Vaults:3       Tomb (0/3) Crypt:3      Depths (5/5) D:15
    Zot (0/5) Depths:5

Altars:
Ashenzari
Cheibriados
Dithmenos
Elyvilon
Fedhas
Gozag
Hepliaklqana
Kikubaaqudgha
Makhleb
Nemelex Xobeh
Okawaru
Qazlal
Ru
Sif Muna
Trog
Uskayaw
Vehumet
Wu Jian
Xom
Yredelemnul
Zin
The Shining One

Shops:
D:8 [   Orc:1 !   Orc:2 [[??   Elf:2 (:}   Shoals:1 %   Snake:3 (   Snake:4 !
Vaults:1 !   Vaults:2 (

Portals:
Hell: Depths:1 Depths:2 Depths:3 Depths:4 Depths:5
Abyss: Depths:4
Pandemonium: Depths:3

Annotations:
Elf:2 3 runed doors, exclusion: 3 doors


Innate Abilities, Weirdness & Mutations

You cannot wear boots.
Your serpentine skin is tough. (AC +9)
You have supernaturally acute eyesight. (SInv)
Armour fits poorly on your strangely shaped body.
Your system is resistant to poisons. (rPois)
You cover ground very slowly.
You have a slow metabolism.
You can spit poison.
You can use your snake-like lower body to constrict enemies.
You are partially covered in large bone plates. (SH +4)
You are partially covered in rugged brown scales. (AC +1, +3% HP)
You possess an exceptional clarity of mind.
Your flesh is cold resistant. (rC+)
Your muscles are strong. (Str +2)


Message History

The bolt of fire hits the shadow wraith.
You destroy the shadow wraith!
The bolt of fire hits the soul eater.
The soul eater is almost dead.
The bolt of fire hits the eidolon.
You destroy the eidolon!
Vehumet accepts your kill.
You feel your power returning.
Your Evocations skill increases to level 11!
The soul eater draws from the surrounding life force!
The soul eater is healed.
The phantasmal warrior blinks!
The soul eater completely misses you.
You feel much better. The vampire mage casts a spell at you.
The bolt of negative energy misses you.
The soul eater draws from the surrounding life force!
The soul eater is healed.
The vampire mage gestures at you while chanting.
The bolt of negative energy misses you. The phantasmal warrior hits you!!
You die...

#######
#.........#
#.........#
#.........#
##........V#######
.........W3@.....#
.........W3W.....#
..).......W......#
..)....).........#
.).....)........\#
.....)...........#
.................#
.................#
.................#


You could see 2 soul eaters, a vampire mage (invisible), a phantasmal warrior, a
freezing wraith, a hungry ghost and a shadow (invisible).

Vanquished Creatures
  the Royal Jelly (Slime:5)
  8 ancient liches
  Khufu (Crypt:1)
  Mennas (Vaults:3)
  2 juggernauts (Depths:4)
  A greater mummy (Crypt:1)
  Boris (Vaults:2)
  Frederick (Vaults:2)
  A curse toe (Crypt:3)
  Xtahua (Vaults:2)
  2 Killer Klowns (Zig:9)
  Margery (Depths:1)
  A caustic shrike (Depths:2)
  Jory (Vaults:3)
  The ghost of Phong the Crack Shot, a veteran CeHu of Okawaru (Depths:3)
  7 golden dragons
  The ghost of Nr616 the Wrestler, an adept TrMo of Jiyva (D:15)
  3 bone dragons
  The ghost of galech the Peltast, a veteran DsFi of Okawaru (Depths:5)
  A Tzitzimitl (Depths:3)
  3 tentacled monstrosities
  2 Ice Fiends (IceCv)
  10 liches
  3 deep elf master archers (Elf:3)
  3 titans
  A deep elf blademaster (Elf:3)
  4 quicksilver dragons
  21 acid blobs
  2 tentacled starspawn
  A kraken (Shoals:4)
  7 sphinxes
  9 ancient champions
  Agnes (Snake:1)
  4 shadow dragons
  A shadow dragon (shapeshifter) (Zig:9)
  9 tengu reavers
  11 azure jellies
  Ilsuiw (Shoals:4)
  An azure jelly (shapeshifter) (Zig:9)
  Roxanne (Snake:2)
  11 nagarajas
  2 storm dragons
  15 fire giants
  13 deep elf sorcerers
  3 revenants
  A daeva (Zig:6)
  A caustic shrike zombie (Depths:2)
  10 frost giants
  2 ghost moths (Zig:10)
  3 balrugs
  4 orc warlords
  A draconian scorcher (Depths:5)
  2 juggernaut zombies (Depths:5)
  2 iron dragons
  A spectral juggernaut (Depths:5)
  11 vault wardens
  A curse skull (Zig:12)
  7 deep elf elementalists
  A draconian annihilator (Depths:5)
  3 ghouls
  An emperor scorpion (Zig:2)
  4 spriggan defenders
  4 reapers
  13 ironheart preservers
  12 very ugly things
  4 war gargoyles (Vaults:5)
  4 ophanim (Zig:6)
  18 stone giants
  A juggernaut skeleton (Depths:1)
  2 green draconians (Depths:5)
  13 vampire knights
  A lorocyproca (D:15)
  An apis (Zig:6)
  A minotaur (Gauntlet)
  5 entropy weavers
  2 spectral titans
  11 deep elf demonologists
  2 black draconians (Depths:5)
  8 deep elf annihilators
  A white draconian (Depths:5)
  2 spark wasps (Depths:4)
  A yellow draconian (Depths:5)
  12 ettins
  3 merfolk javelineers (Shoals:4)
  12 deep elf death magi
  7 jiangshi
  8 eidola
  A green death (Depths:1)
  Snorg (D:13)
  14 death oozes
  8 deep elf high priests
  A mummy priest (Crypt:2)
  8 merfolk impalers
  Josephine (D:11)
  25 yaktaur captains
  16 fire dragons
  23 ice dragons
  15 great orbs of eyes
  7 rakshasas
  26 vault guards
  A juggernaut simulacrum (Depths:5)
  5 hydras
  2 spriggan air magi
  16 naga warriors
  9 ogre magi
  18 anacondas
  Erica (D:8)
  4 merfolk avatars
  2 alligator snapping turtles (Shoals:4)
  A shambling mangrove (Zig:3)
  15 centaur warriors
  28 two-headed ogres
  4 spectral stone giants (Depths:5)
  7 satyrs
  4 death knights
  14 dancing weapons
  8 merfolk aquamancers
  7 death yaks
  9 deep troll earth magi
  2 hell hogs
  5 tengu warriors
  3 deep troll shamans
  A titan zombie (Depths:5)
  8 shock serpents
  11 vampire magi
  16 naga sharpshooters
  7 spriggan berserkers
  Urug (Lair:5)
  7 orc high priests
  3 thrashing horrors (Abyss:2)
  2 soul eaters
  18 hell knights
  A storm dragon zombie (Crypt:3)
  A sun demon (Depths:3)
  3 sixfirhies
  A wretched star (Abyss:2)
  An iron troll (shapeshifter) (Zig:9)
  An iron troll (Zig:7)
  16 deep elf knights
  3 salamander mystics (Snake:4)
  12 shadow wraiths
  23 skeletal warriors
  A spark wasp zombie (Zig:11)
  A storm dragon skeleton (Crypt:3)
  An unseen horror (Abyss:2)
  A gelid demonspawn (Depths:3)
  11 sea snakes
  3 shadow demons (Depths:3)
  A deep troll (shapeshifter) (Vaults:5)
  23 deep trolls
  7 glowing orange brains
  A swamp dragon (shapeshifter) (Vaults:5)
  15 flayed ghosts
  6 wizards
  23 deep elf archers
  9 naga ritualists
  An obsidian statue (Zig:12)
  14 harpies
  10 phantasmal warriors
  3 golden dragon skeletons
  A swamp dragon (Lair:6)
  14 necromancers
  2 sphinx zombies
  Pikel (D:4)
  19 orc knights
  18 ironbrand convokers
  6 wolf spiders
  2 anaconda skeletons
  7 orb spiders
  A shadow dragon zombie (Vaults:4)
  A salamander (shapeshifter) (Vaults:1)
  A shining eye (shapeshifter) (Vaults:5)
  10 orc sorcerers
  2 fire giant zombies
  A tengu zombie (Zig:11)
  21 manticores
  A faun (shapeshifter) (Elf:2)
  A frost giant zombie (Vaults:3)
  4 mana vipers
  10 cyclopes
  5 shining eyes
  A stone giant zombie (Depths:5)
  24 ugly things
  67 deep elf magi
  4 merfolk sirens
  2 moths of wrath
  A manticore (shapeshifter) (Depths:2)
  25 fauns
  9 salamanders
  2 iron dragon skeletons
  2 human skeletons
  Joseph (D:8)
  39 black mambas
  Maurice (D:10)
  A frost giant skeleton (Crypt:3)
  15 guardian serpents
  17 elephants
  23 naga magi
  A smoke demon (Depths:1)
  2 ice statues (IceCv)
  12 vault sentinels
  3 titan simulacra
  A torpor snail (Zig:10)
  A water nymph (shapeshifter) (Vaults:5)
  2 apocalypse crabs (Zig:9)
  A spiny frog (shapeshifter) (Depths:4)
  A torpor snail (shapeshifter) (Depths:4)
  4 water nymphs
  7 eyes of devastation
  A gargoyle (D:15)
  A storm dragon simulacrum (Vaults:4)
  A yaktaur zombie (Vaults:4)
  An alligator snapping turtle zombie (Crypt:1)
  A dire elephant skeleton (Crypt:1)
  A catoblepas zombie (Crypt:2)
  17 spiny frogs
  3 rime drakes (Lair:6)
  An orange demon (Depths:3)
  2 hellions
  A spriggan skeleton (Depths:4)
  2 kobold demonologists (Crypt:2)
  4 human zombies
  9 freezing wraiths
  A red draconian zombie (Crypt:2)
  10 komodo dragons
  3 demonic crawlers
  A komodo dragon (shapeshifter) (Vaults:5)
  86 yaktaurs
  A minotaur skeleton (Crypt:1)
  A guardian mummy (Crypt:3)
  A tormentor (Zig:11)
  15 ice devils
  A yaktaur skeleton (Vaults:3)
  12 trolls
  3 tengu conjurers
  A yellow draconian skeleton (Crypt:2)
  25 merfolk
  2 wind drakes (shapeshifter)
  A tyrant leech (shapeshifter) (Depths:4)
  5 wind drakes
  2 polar bears (shapeshifter)
  4 jumping spiders
  A fire dragon zombie (Crypt:3)
  A harpy skeleton (Crypt:3)
  A raiju (shapeshifter) (Elf:2)
  A satyr zombie (Crypt:2)
  A tyrant leech (Zig:3)
  14 hippogriffs
  3 raiju (Abyss:2)
  106 slime creatures
  10 hornets
  A blink frog (shapeshifter) (Vaults:3)
  6 blink frogs
  9 snapping turtles
  2 bog bodies
  2 ettin zombies
  3 human simulacra
  18 dream sheep
  5 flying skulls
  2 redbacks (shapeshifter) (Vaults:5)
  7 small abominations
  4 ynoxinuls
  An air elemental (Elf:2)
  10 shadows
  An ice dragon skeleton (Crypt:3)
  4 large abominations (Abyss:2)
  3 spriggans
  15 redbacks
  65 yaks
  3 elf skeletons
  A tarantella (Zig:10)
  An ettin skeleton (Vaults:2)
  2 basilisks (shapeshifter)
  14 water elementals
  A spriggan (shapeshifter) (Elf:3)
  8 wraiths
  18 wyverns
  A black mamba skeleton (Crypt:1)
  3 fire elementals
  4 neqoxecs
  5 golden eyes
  2 basilisks (Lair:6)
  A chaos spawn (Depths:1)
  3 steam dragons
  6 wargs
  3 acid dragons
  A two-headed ogre zombie (Crypt:3)
  A deep troll zombie (Vaults:2)
  Edmund (D:6)
  54 nagas
  3 soldier ants
  3 swamp worms (Gauntlet)
  A spiny frog zombie (Crypt:1)
  2 porcupines
  18 water moccasins
  Duvessa (D:7)
  40 orc warriors
  A swamp drake (Lair:6)
  A monstrous demonspawn skeleton (Crypt:2)
  7 sky beasts
  4 slaves (D:4)
  2 elf zombies
  2 necrophages
  A swamp drake (shapeshifter) (Elf:2)
  2 black bears
  23 ogres
  6 ice beasts
  27 centaurs
  9 eyes of draining
  4 phantoms
  10 boggarts
  A manticore skeleton (Crypt:1)
  8 wolves
  A snapping turtle skeleton (Crypt:1)
  10 crocodiles
  A crocodile (shapeshifter) (Elf:2)
  2 big kobolds (D:10)
  A salamander zombie (Crypt:1)
  17 bullfrogs
  4 earth elementals
  An octopode zombie (Crypt:2)
  A wyvern zombie (Crypt:2)
  A glowing shapeshifter simulacrum (Vaults:2)
  3 gnoll sergeants
  A draconian skeleton (Crypt:3)
  Dowan (D:7)
  A bullfrog (shapeshifter) (Vaults:2)
  A wyvern skeleton (D:7)
  A water moccasin skeleton (D:8)
  4 scorpions
  17 killer bees
  15 wights
  2 howler monkeys (D:7)
  2 electric eels
  A tengu skeleton (Depths:1)
  6 centaur zombies
  13 crimson imps
  2 quasits
  5 bullfrog zombies
  28 orc priests
  2 bullfrog skeletons
  8 centaur skeletons
  2 jellies (D:10)
  9 hounds
  8 iguanas
  24 orc wizards
  Terence (D:2)
  13 worker ants
  A hell rat (D:9)
  A big kobold skeleton (Crypt:3)
  3 hound skeletons
  14 mummies
  A howler monkey skeleton (Crypt:3)
  17 gnolls
  22 adders
  3 shadow imps
  8 white imps
  9 ufetubi
  2 adder zombies
  An adder skeleton (D:8)
  A halfling skeleton (Crypt:2)
  3 worms (D:3)
  4 dart slugs
  7 leopard geckos
  104 orcs
  4 ball pythons
  7 giant cockroaches
  9 goblins
  9 hobgoblins
  17 jackals
  5 quokkas
  10 bats
  4 frilled lizards
  17 kobolds
  3 leopard gecko skeletons
  A quokka skeleton (D:6)
  A quokka zombie (D:8)
  7 rats
  A crawling corpse (Elf:3)
  3 fungi
  A plant (Zig:3)
  3 tentacles (Shoals:4)
2691 creatures vanquished.

Vanquished Creatures (collateral kills)
  A fire dragon (Depths:4)
  A two-headed ogre (D:10)
  A gargoyle (D:10)
  A hungry ghost (D:10)
  A howler monkey (D:10)
  A centaur zombie (D:10)
  A hound (D:10)
  An orc (Orc:1)
8 creatures vanquished.

Vanquished Creatures (others)
  Nikola (Snake:3)
  A naga ritualist (Snake:3)
  A naga mage (Snake:3)
  An insubstantial wisp (Abyss:2)
  A naga (Snake:3)
  A quasit (Abyss:3)
  A bullfrog skeleton (D:12)
  An orc wizard (Orc:2)
  4 white imps (IceCv)
  An ufetubus (IceCv)
  39 fungi
  47 plants
  2 starspawn tentacles (Abyss:3)
  A tentacle (Shoals:4)
102 creatures vanquished.

Grand Total: 2801 creatures vanquished

Notes
Turn   | Place    | Note
-------+----------+-------------------------------------------
     0 | D:1      | Duffy the Naga Fire Elementalist began the quest for the
                  | Orb.
     0 | D:1      | Reached XP level 1. HP: 15/15 MP: 3/3
   197 | D:2      | Reached XP level 2. HP: 22/22 MP: 5/5
   450 | D:4      | Reached XP level 3. HP: 28/28 MP: 4/6
   484 | D:3      | Reached XP level 4. HP: 14/36 MP: 0/7
   717 | D:4      | Learned a level 3 spell: Conjure Flame
   730 | D:5      | Entered Level 5 of the Dungeon
  1079 | D:3      | Reached XP level 5. HP: 42/42 MP: 6/8
  1170 | D:3      | Learned a level 4 spell: Sticky Flame
  1202 | D:4      | Found a staircase to the Ecumenical Temple.
  1208 | Temple   | Entered the Ecumenical Temple
  1367 | Temple   | Became a worshipper of Vehumet
  1722 | D:1      | Reached skill level 3 in Spellcasting
  1889 | D:1      | Reached XP level 6. HP: 44/49 MP: 3/10
  2834 | D:2      | Noticed Terence
  2886 | D:2      | Killed Terence
  2943 | D:2      | Reached * piety under Vehumet
  2943 | D:2      | Offered knowledge of Magic Dart by Vehumet.
  3760 | D:3      | Found a faded altar of an unknown god.
  4442 | D:3      | Reached skill level 5 in Conjurations
  4442 | D:3      | Reached XP level 7. HP: 55/55 MP: 8/12
  4713 | D:4      | Reached skill level 4 in Spellcasting
  4908 | D:4      | Reached skill level 5 in Fire Magic
  4942 | D:4      | Found a sparkling altar of Nemelex Xobeh.
  4942 | D:4      | Found a bloodstained altar of Trog.
  4988 | D:4      | Learned a level 2 spell: Blink
  5017 | D:5      | Offered knowledge of Freeze by Vehumet.
  5026 | D:5      | Learned a level 3 spell: Mephitic Cloud
  5286 | D:5      | Reached ** piety under Vehumet
  5286 | D:5      | Reached XP level 8. HP: 62/62 MP: 8/14
  5641 | D:5      | Reached skill level 5 in Spellcasting
  5762 | D:5      | Found an ancient bone altar of Kikubaaqudgha.
  6525 | D:4      | Noticed Pikel
  6537 | D:4      | Killed Pikel
  6537 | D:4      | Reached skill level 6 in Spellcasting
  6537 | D:4      | Reached XP level 9. HP: 39/68 MP: 4/18
  6743 | D:4      | Learned a level 5 spell: Fireball
  6747 | D:4      | Found a glowing golden altar of the Shining One.
  7050 | D:6      | Reached skill level 1 in Fighting
  7103 | D:6      | Found a bloodstained altar of Trog.
  7110 | D:6      | Offered knowledge of Ignite Poison by Vehumet.
  7189 | D:6      | Reached skill level 1 in Translocations
  7209 | D:6      | Noticed Edmund
  7228 | D:6      | Killed Edmund
  7779 | D:6      | Reached *** piety under Vehumet
  8386 | D:7      | Noticed Duvessa
  8402 | D:7      | Reached skill level 5 in Fighting
  8430 | D:7      | Noticed Dowan
  8963 | D:7      | Found a shimmering altar of Xom.
  8969 | D:7      | Reached skill level 7 in Spellcasting
  9198 | D:7      | Offered knowledge of Dazzling Spray by Vehumet.
  9198 | D:7      | Reached XP level 10. HP: 73/88 MP: 18/21
  9324 | D:8      | Found Liebb's Armour Emporium.
  9391 | D:8      | Noticed Joseph
  9421 | D:8      | Noticed Erica
  9608 | D:8      | Reached skill level 8 in Spellcasting
 10273 | D:7      | Killed Duvessa
 10284 | D:7      | Killed Dowan
 10642 | D:8      | Reached **** piety under Vehumet
 11231 | D:8      | Bought the cursed +0 cloak of Generosity {Regen+ Dex+4} for
                  | 185 gold pieces
 11265 | D:9      | Reached skill level 9 in Spellcasting
 11419 | D:9      | Noticed a two-headed ogre
 11430 | D:9      | Killed a two-headed ogre
 11633 | D:9      | Noticed a death yak
 11639 | D:9      | Noticed a death yak
 11644 | D:9      | Noticed a death yak
 11644 | D:9      | Killed a death yak
 11644 | D:9      | Offered knowledge of Static Discharge by Vehumet.
 11644 | D:9      | Reached skill level 1 in Shields
 11921 | D:9      | Reached skill level 10 in Spellcasting
 11993 | D:8      | Reached XP level 11. HP: 94/94 MP: 25/25
 12211 | D:9      | Found a staircase to the Lair.
 12259 | D:8      | Killed a death yak
 12259 | D:8      | Reached skill level 5 in Evocations
 12275 | D:8      | Killed a death yak
 12609 | D:9      | Got a translucent falchion
 12614 | D:9      | Found a basalt altar of Yredelemnul.
 12618 | D:9      | Identified the +4 falchion "Nonauheenn" {elec, rPois Str+4}
                  | (You found it on level 9 of the Dungeon)
 12687 | D:10     | Entered Level 10 of the Dungeon
 12973 | D:10     | Noticed a two-headed ogre
 12993 | D:10     | Killed a two-headed ogre
 13002 | D:10     | Noticed a manticore
 13011 | D:10     | Killed a manticore
 13185 | D:10     | Reached ***** piety under Vehumet
 13212 | D:10     | Offered knowledge of Bolt of Magma by Vehumet.
 13233 | D:10     | Found a staircase to the Orcish Mines.
 13284 | D:10     | Learned a level 5 spell: Bolt of Magma
 13712 | D:8      | Killed Erica
 13894 | D:8      | Killed Joseph
 13967 | Lair:1   | Entered Level 1 of the Lair of Beasts
 14285 | Lair:1   | Reached XP level 12. HP: 84/109 MP: 19/26
 14704 | Lair:1   | Noticed a six-headed hydra
 14710 | Lair:1   | Killed a seven-headed hydra
 15470 | Lair:2   | Found a staircase to the Shoals.
 15648 | Lair:2   | Found a stormy altar of Qazlal.
 16092 | Lair:3   | Noticed a four-headed hydra
 16329 | Lair:3   | Reached skill level 11 in Spellcasting
 16846 | Lair:3   | Killed a four-headed hydra
 16846 | Lair:3   | Reached skill level 10 in Fighting
 16846 | Lair:3   | Gained mutation: You can use your snake-like lower body to
                  | constrict enemies. [Naga growth]
 16846 | Lair:3   | Reached XP level 13. HP: 123/123 MP: 13/28
 16911 | Lair:3   | Offered knowledge of Freezing Cloud by Vehumet.
 17698 | Lair:4   | Reached skill level 12 in Spellcasting
 17994 | Lair:4   | Found a staircase to the Snake Pit.
 19034 | Lair:5   | Reached skill level 13 in Spellcasting
 19426 | Lair:5   | Noticed Urug
 19439 | Lair:5   | Killed Urug
 19686 | Lair:6   | Entered Level 6 of the Lair of Beasts
 19746 | Lair:6   | Found a staircase to the Slime Pits.
 20346 | Lair:6   | Found an ornate altar of the Wu Jian Council.
 20416 | Lair:6   | Reached skill level 14 in Spellcasting
 20617 | Lair:6   | Reached XP level 14. HP: 77/132 MP: 27/32
 20983 | Lair:6   | Reached skill level 15 in Spellcasting
 21226 | Lair:6   | Offered knowledge of Venom Bolt by Vehumet.
 22557 | Orc:1    | Entered Level 1 of the Orcish Mines
 22557 | Orc:1    | Noticed Maurice
 22557 | Orc:1    | Noticed an orc warlord
 22561 | Orc:1    | Reached skill level 16 in Spellcasting
 22570 | D:10     | Killed Maurice
 22753 | D:10     | Killed an orc warlord
 23333 | Orc:1    | Found Ewalab's Distillery.
 23503 | Orc:2    | Entered Level 2 of the Orcish Mines
 23503 | Orc:2    | Found a staircase to the Elven Halls.
 23972 | Orc:2    | Learned a level 6 spell: Deflect Missiles
 24004 | Orc:2    | Found a deep blue altar of Sif Muna.
 24023 | Orc:2    | Offered knowledge of Spellforged Servitor by Vehumet.
 24104 | Orc:2    | Reached skill level 1 in Charms
 24104 | Orc:2    | Reached skill level 1 in Air Magic
 24578 | Orc:2    | Reached XP level 15. HP: 125/138 MP: 28/35
 24599 | Orc:2    | Found Haroll's Magic Scroll Shop.
 24599 | Orc:2    | Found Icoutionn's Armour Emporium.
 24603 | Orc:2    | Found Gaxkamy's Armour Emporium.
 24603 | Orc:2    | Found Weoviyt's Magic Scroll Shop.
 24612 | Orc:2    | Bought a scroll of noise for 11 gold pieces
 24889 | Orc:2    | Bought a scroll of identify for 22 gold pieces
 24889 | Orc:2    | Bought a scroll of identify for 22 gold pieces
 24928 | Orc:1    | Bought 2 potions of cancellation for 224 gold pieces
 24928 | Orc:1    | Bought 2 potions of resistance for 280 gold pieces
 24928 | Orc:1    | Bought a potion of heal wounds for 70 gold pieces
 24928 | Orc:1    | Bought a potion of heal wounds for 70 gold pieces
 24928 | Orc:1    | Bought a potion of invisibility for 112 gold pieces
 24928 | Orc:1    | Bought a potion of haste for 140 gold pieces
 25030 | D:11     | Noticed Josephine
 25040 | D:11     | Killed Josephine
 25129 | D:11     | Found a gate leading to a gauntlet.
 25174 | Gauntlet | Entered a Gauntlet
 25174 | Gauntlet | Found a transporter.
 25174 | Gauntlet | Found a transporter.
 25183 | Gauntlet | Found a transporter.
 25193 | Gauntlet | Found a transporter.
 25201 | Gauntlet | Found a transporter.
 25211 | Gauntlet | Found a transporter.
 25211 | Gauntlet | Found a transporter.
 25233 | Gauntlet | Found a transporter.
 25242 | Gauntlet | Found a transporter.
 25256 | Gauntlet | Found a transporter.
 25265 | Gauntlet | Found a transporter.
 25274 | Gauntlet | Found a transporter.
 25321 | Gauntlet | Found a transporter.
 25333 | Gauntlet | Found a transporter.
 25437 | Gauntlet | Found a transporter.
 25455 | Gauntlet | Found a transporter.
 25705 | Gauntlet | Got a shimmering bronze ring
 25706 | Gauntlet | Identified the ring "Wuda" {Ice *Contam *Corrode Int+8
                  | Dex+8} (You found it in a Gauntlet)
 25827 | Gauntlet | Identified the ring "Xeoblax" {rPois EV+6 Str-3 Int+3 SInv}
 25940 | Gauntlet | Identified the Almanac of Ice and the Birds
 25942 | Gauntlet | Identified the amulet of Unwan {Inacc rN+ Str+2 Stlth+}
                  | (You found it in a Gauntlet)
 26705 | D:12     | Reached skill level 17 in Spellcasting
 27388 | D:13     | Found a white marble altar of Elyvilon.
 27522 | D:13     | Reached skill level 5 in Air Magic
 27598 | D:13     | Identified the cursed +0 leather armour "Wofag" {Str+4
                  | Int+7} (You found it on level 13 of the Dungeon)
 27659 | D:13     | Offered knowledge of Poison Arrow by Vehumet.
 27659 | D:13     | Reached skill level 5 in Charms
 27776 | D:13     | Noticed Snorg
 27935 | D:13     | Killed Snorg
 27950 | D:13     | Reached skill level 5 in Shields
 28286 | D:13     | Learned a level 6 spell: Poison Arrow
 29031 | D:14     | Found a glowing golden altar of the Shining One.
 29425 | D:14     | Found a gate to the Vaults.
 29459 | D:15     | Entered Level 15 of the Dungeon
 29594 | D:15     | Reached XP level 16. HP: 146/146 MP: 17/37
 29605 | D:15     | Found a staircase to the Depths.
 29809 | D:15     | Reached ****** piety under Vehumet
 30236 | D:15     | Offered knowledge of Bolt of Cold by Vehumet.
 30418 | D:15     | Found a blossoming altar of Fedhas.
 30774 | Elf:1    | Entered Level 1 of the Elven Halls
 30898 | Elf:1    | Reached skill level 1 in Poison Magic
 30926 | Elf:1    | Found a frozen archway.
 30930 | IceCv    | Entered an ice cave
 31460 | IceCv    | Noticed an Ice Fiend
 31515 | IceCv    | Killed an Ice Fiend
 31609 | IceCv    | Noticed an Ice Fiend
 31616 | IceCv    | Killed an Ice Fiend
 31951 | Elf:1    | Learned a level 6 spell: Bolt of Fire
 32191 | Elf:1    | Cast into level 2 of the Abyss (a deep elf sorcerer)
 32225 | Abyss:2  | Reached skill level 5 in Poison Magic
 32303 | Abyss:2  | Found a corrupted altar of Lugonu.
 32557 | Abyss:2  | Noticed a tentacled starspawn
 32559 | Abyss:2  | Noticed a profane servitor
 32560 | Abyss:2  | Noticed a tentacled starspawn
 32561 | Abyss:2  | Killed a tentacled starspawn
 32728 | Abyss:2  | Offered knowledge of Orb of Destruction by Vehumet.
 32741 | Abyss:2  | Learned a level 7 spell: Orb of Destruction
 32764 | Abyss:2  | Noticed a tentacled starspawn
 32809 | Abyss:2  | Noticed a bone dragon
 32891 | Abyss:2  | Noticed a tentacled starspawn
 32950 | Abyss:2  | Found a shimmering altar of Xom.
 32950 | Abyss:2  | Found a shimmering altar of Xom.
 32950 | Abyss:2  | Found a shimmering altar of Xom.
 32950 | Abyss:2  | Found a shimmering altar of Xom.
 33037 | Abyss:2  | Noticed a bone dragon
 33258 | Abyss:3  | Noticed an Executioner
 33304 | Abyss:3  | Gained mutation: Your magical capacity is low. (-10% MP) [a
                  | neqoxec]
 33308 | Abyss:3  | Found a corrupted altar of Lugonu.
 33406 | Abyss:3  | Noticed a tentacled starspawn
 33410 | Abyss:3  | Killed a tentacled starspawn
 33424 | Abyss:3  | Noticed a tentacled starspawn
 33508 | Elf:1    | Escaped the Abyss
 33715 | Elf:1    | Lost mutation: Your magical capacity is low. (-10% MP)
                  | [potion of mutation]
 33715 | Elf:1    | Gained mutation: You expend magic power (3 MP) to
                  | strengthen your wands. [potion of mutation]
 33715 | Elf:1    | Gained mutation: You are partially covered in rugged brown
                  | scales. (AC +1, +3% HP) [potion of mutation]
 33730 | Elf:1    | You fall through a shaft!
 33743 | Elf:2    | Reached XP level 17. HP: 109/157 MP: 12/38
 34088 | Elf:2    | Reached skill level 10 in Poison Magic
 34095 | Elf:2    | Found Quutu's Book Shoppe.
 34267 | Orc:2    | Bought a scroll of teleportation for 33 gold pieces
 34269 | Orc:2    | Bought a scroll of teleportation for 45 gold pieces
 34491 | Elf:1    | Reached skill level 10 in Conjurations
 34869 | Elf:1    | Offered knowledge of Shatter by Vehumet.
 34869 | Elf:1    | Offered knowledge of Chain Lightning by Vehumet.
 34869 | Elf:1    | Offered knowledge of Tornado by Vehumet.
 34980 | Elf:1    | Identified the +2 ring mail of Undesirable Species {rPois
                  | rN+ Dex+3} (You found it on level 1 of the Elven Halls)
 35262 | Elf:2    | Found a runed gate.
 35263 | Elf:2    | Found a runed gate.
 35433 | Elf:2    | Found Lir Nutoo's Weapon Boutique.
 35574 | Elf:2    | Reached skill level 18 in Spellcasting
 35731 | Elf:2    | Reached skill level 10 in Fire Magic
 36010 | Elf:2    | Found Onlok's Gadget Emporium.
 36074 | Elf:2    | Learned a level 8 spell: Ignition
 36202 | Elf:2    | Found a runed gate.
 36379 | Elf:3    | Entered Level 3 of the Elven Halls
 37824 | Elf:3    | Reached XP level 18. HP: 164/164 MP: 26/40
 38211 | Elf:3    | Identified the ring "Gessacrefic" {Ice +Blink Str-5 Dex+3}
 38339 | Elf:3    | Noticed a deep elf master archer
 38343 | Elf:3    | Killed a deep elf master archer
 38390 | Elf:3    | Noticed a deep elf master archer
 38390 | Elf:3    | Noticed a deep elf master archer
 38395 | Elf:3    | Killed a deep elf master archer
 38398 | Elf:3    | Killed a deep elf master archer
 38468 | Elf:3    | Identified the cursed ring of Faotref {rPois Str+4 Int-5
                  | Dex-5}
 38622 | Elf:3    | Identified the +5 great sword of Zunir {speed, rF+}
 38752 | Elf:3    | Identified the +10 scale mail of Shadows and Fog {rF- rC+
                  | Str+4 Dex+2}
 38752 | Elf:3    | Noticed a deep elf blademaster
 38757 | Elf:3    | Killed a deep elf blademaster
 38875 | Elf:3    | Identified Texkikykh's Almanac of the Noxious Glacier
 38981 | Elf:3    | Identified the +5 ring mail "Suhib" {-Cast rPois rCorr
                  | SInv} (You found it on level 3 of the Elven Halls)
 39049 | Elf:3    | Identified Sif Muna's Papyrus of Curses
 39290 | Elf:3    | Got a scorched hand axe
 39543 | Snake:1  | Entered Level 1 of the Snake Pit
 39543 | Snake:1  | Noticed Agnes
 39548 | Snake:1  | Killed Agnes
 40341 | Snake:1  | Reached skill level 15 in Fire Magic
 40657 | Snake:1  | Reached XP level 19. HP: 173/173 MP: 29/41
 40938 | Snake:1  | Got an ichor-stained naga barding
 40939 | Snake:1  | Identified the +4 naga barding "Qishodda" {Str+2 Dex+2}
                  | (You found it on level 1 of the Snake Pit)
 41225 | Snake:2  | Identified Roxanne's Papyrus of the Rocks
 41225 | Snake:2  | Noticed Roxanne
 41356 | Snake:2  | Killed Roxanne
 42795 | Snake:3  | Found Lexkosua's Antique Weapon Shoppe.
 43136 | Snake:3  | Noticed Nikola
 43202 | Snake:3  | Killed Nikola
 43260 | Snake:3  | Reached skill level 1 in Armour
 44345 | Snake:4  | Entered Level 4 of the Snake Pit
 44690 | Snake:4  | Found Hawuf's Distillery.
 44693 | Snake:4  | Bought a potion of degeneration for 15 gold pieces
 44694 | Snake:4  | Bought a potion of heal wounds for 75 gold pieces
 44829 | Snake:4  | Got a fine morningstar
 44830 | Snake:4  | Identified the +3 morningstar "Hotikan" {flame, rPois
                  | Dex+3} (You found it on level 4 of the Snake Pit)
 45866 | Snake:4  | Reached skill level 10 in Shields
 46041 | Snake:4  | Reached XP level 20. HP: 180/181 MP: 6/42
 46369 | Snake:4  | Reached skill level 5 in Armour
 47062 | Snake:4  | Got a serpentine rune of Zot
 47307 | Shoals:1 | Entered Level 1 of the Shoals
 47593 | Orc:2    | Bought a scroll of magic mapping for 38 gold pieces
 48680 | Shoals:1 | Found Maliakhle's Food Shop.
 50435 | Shoals:4 | Entered Level 4 of the Shoals
 50438 | Shoals:4 | Reached XP level 21. HP: 188/188 MP: 29/43
 50773 | Shoals:4 | Got a barnacled rune of Zot
 50968 | Shoals:4 | Noticed Ilsuiw
 50972 | Shoals:4 | Killed Ilsuiw
 52314 | Vaults:1 | Entered Level 1 of the Vaults
 53125 | Vaults:1 | Found Kuelonen's Distillery.
 53677 | Vaults:2 | Noticed Xtahua
 53689 | Vaults:2 | Killed Xtahua
 53929 | Vaults:2 | Found Ziagid's Antique Weapon Boutique.
 54243 | Vaults:2 | Reached skill level 15 in Shields
 54253 | Vaults:2 | Noticed Frederick
 54339 | Vaults:2 | Killed Frederick
 54522 | Vaults:2 | Reached XP level 22. HP: 200/200 MP: 32/44
 54568 | Vaults:2 | Noticed Boris
 54576 | Vaults:2 | Killed Boris
 55762 | Vaults:3 | Found a staircase to the Crypt.
 55803 | Vaults:3 | You fall through a shaft!
 56213 | Vaults:4 | Identified the +7 arbalest of the Jester {elec, rElec
                  | Dex+4}
 56755 | Vaults:3 | You fall through a shaft!
 57928 | Vaults:4 | Reached skill level 15 in Fighting
 58902 | Slime:1  | Entered Level 1 of the Pits of Slime
 58905 | Slime:1  | Reached skill level 5 in Dodging
 58905 | Slime:1  | Gained mutation: Your magical capacity is low. (-10% MP) [a
                  | shining eye]
 58916 | Slime:1  | Reached XP level 23. HP: 223/223 MP: 23/40
 59285 | Slime:3  | Gained mutation: You occasionally shout uncontrollably at
                  | your foes. [a shining eye]
 59491 | Slime:5  | Entered Level 5 of the Pits of Slime
 59702 | Slime:5  | Gained mutation: You are clumsy. (Dex -2) [a shining eye]
 59828 | Slime:5  | Noticed the Royal Jelly
 59836 | Slime:5  | Killed the Royal Jelly
 59836 | Slime:5  | Reached skill level 10 in Dodging
 60092 | Slime:5  | Got a slimy rune of Zot
 60188 | Slime:5  | Got a dazzling falchion
 60189 | Slime:5  | Identified the +5 falchion of Ambiguity {slice, rPois
                  | Int+2} (You found it on level 5 of the Pits of Slime)
 60372 | Slime:5  | Learned a level 9 spell: Shatter
 60710 | Slime:5  | Got an ivory flail
 60711 | Slime:5  | Identified the +8 flail of Reapportionment {crush, Dex+2}
                  | (You found it on level 5 of the Pits of Slime)
 60901 | D:9      | Lost mutation: You are clumsy. (Dex -2) [potion of
                  | mutation]
 60901 | D:9      | Lost mutation: You occasionally shout uncontrollably at
                  | your foes. [potion of mutation]
 60901 | D:9      | Gained mutation: You are agile. (Dex +2) [potion of
                  | mutation]
 60901 | D:9      | Gained mutation: You are partially covered in large bone
                  | plates. (SH +4) [potion of mutation]
 60901 | D:9      | Gained mutation: Your flesh is cold resistant. (rC+)
                  | [potion of mutation]
 60902 | D:9      | Lost mutation: Your magical capacity is low. (-10% MP)
                  | [potion of mutation]
 60902 | D:9      | Lost mutation: You are agile. (Dex +2) [potion of mutation]
 60902 | D:9      | Lost mutation: You expend magic power (3 MP) to strengthen
                  | your wands. [potion of mutation]
 60902 | D:9      | Gained mutation: You possess an exceptional clarity of
                  | mind. [potion of mutation]
 60902 | D:9      | Gained mutation: Your muscles are strong. (Str +2) [potion
                  | of mutation]
 61074 | Depths:1 | Entered Level 1 of the Depths
 61091 | Depths:1 | Reached skill level 1 in Earth Magic
 61443 | Depths:1 | Noticed Margery
 61467 | Depths:1 | Killed Margery
 61641 | Depths:1 | Found a gateway to Hell.
 61660 | Depths:1 | Found a runed gate.
 61660 | Depths:1 | Found a runed gate.
 61661 | Depths:1 | Noticed Nr616's ghost (adept TrMo)
 61662 | Depths:1 | Found a runed gate.
 61707 | D:15     | Killed Nr616's ghost
 61707 | D:15     | Reached XP level 24. HP: 128/231 MP: 17/45
 62123 | D:15     | Reached skill level 5 in Earth Magic
 62648 | Depths:1 | Found a gateway to a ziggurat.
 63971 | Depths:2 | Identified Zeacuot's Almanac of Stolen Souls
 64037 | Depths:2 | Noticed an ancient lich
 64051 | Depths:2 | Killed an ancient lich
 64369 | Depths:2 | Reached skill level 10 in Earth Magic
 64768 | Depths:2 | Noticed a caustic shrike
 64776 | Depths:2 | Killed a caustic shrike
 64785 | Depths:2 | Reached skill level 19 in Spellcasting
 65530 | Depths:2 | Reached XP level 25. HP: 238/238 MP: 29/46
 66375 | Depths:3 | Found a one-way gate leading to the halls of Pandemonium.
 66834 | Depths:3 | Found a large runed door.
 66834 | Depths:3 | Found a large runed door.
 66841 | Depths:3 | Noticed Phong's ghost (veteran CeHu)
 67099 | Depths:3 | Killed Phong's ghost
 67125 | Depths:3 | Got a warped turquoise ring
 67126 | Depths:3 | Identified the ring of Seok {Wiz +Inv rF+ Dex+4} (You found
                  | it on level 3 of the Depths)
 67338 | Depths:3 | Found the +2 cloak of the Thief {+Fog Slay-2 SInv Stlth+}
 67339 | Depths:3 | Found the +2 pair of boots of the Assassin {Detection Stab+
                  | Stlth++}
 67357 | Depths:3 | Found a shadowy altar of Dithmenos.
 68462 | Depths:4 | Found a hazy altar of Hepliaklqana.
 68462 | Depths:4 | Found a sparkling altar of Nemelex Xobeh.
 68463 | Depths:4 | Found an opulent altar of Gozag.
 68464 | Depths:4 | Found a one-way gate to the infinite horrors of the Abyss.
 69265 | Depths:4 | Reached skill level 15 in Earth Magic
 69310 | Depths:4 | Noticed a juggernaut
 69313 | Depths:4 | Killed a juggernaut
 69550 | Depths:4 | Reached skill level 20 in Spellcasting
 69638 | Depths:4 | Reached XP level 26. HP: 248/248 MP: 24/47
 70121 | Depths:4 | Noticed a juggernaut
 70127 | Depths:4 | Killed a juggernaut
 70349 | Depths:4 | Learned a level 3 spell: Regeneration
 70618 | Depths:5 | Entered Level 5 of the Depths
 71923 | Depths:5 | Found a gate to the Realm of Zot.
 71924 | Depths:5 | Found a runed door.
 71950 | Depths:5 | Noticed galech's ghost (veteran DsFi)
 72871 | Depths:5 | Killed galech's ghost
 73287 | Depths:5 | Got a warped glass ring
 73288 | Depths:5 | Identified the ring of Vehumet's Condemnation {*Slow +Blink
                  | rPois Str+4 Dex+4 Stlth+} (You found it on level 5 of the
                  | Depths)
 73645 | Crypt:1  | Entered Level 1 of the Crypt
 73645 | Crypt:1  | Found an ancient bone altar of Kikubaaqudgha.
 73645 | Crypt:1  | Noticed Mennas
 73646 | Crypt:1  | Noticed Jory
 75649 | Crypt:1  | Noticed Khufu
 75651 | Crypt:1  | Noticed a greater mummy
 75662 | Crypt:1  | Killed Khufu
 75662 | Crypt:1  | Reached XP level 27. HP: 110/255 MP: 11/47
 75664 | Crypt:1  | Killed a greater mummy
 75664 | Crypt:1  | Reached skill level 21 in Spellcasting
 77694 | Crypt:2  | Found a deep blue altar of Sif Muna.
 77837 | Crypt:2  | Identified the +12 falchion "Idahele" {flame, rPois Str-2
                  | Int+4}
 77837 | Crypt:2  | Identified the amulet of Spring {RegenMP +Blink}
 78012 | Crypt:3  | Entered Level 3 of the Crypt
 79030 | Crypt:3  | Found a staircase to the Tomb.
 79362 | Crypt:3  | Noticed an ancient lich
 79363 | Crypt:3  | Noticed an ancient lich
 79366 | Crypt:3  | Found the brooch of Shielding {Reflect SH+8}
 79592 | Crypt:3  | Killed an ancient lich
 79745 | Crypt:3  | Killed an ancient lich
 80501 | Vaults:3 | Killed Jory
 80677 | Vaults:3 | Killed Mennas
 80830 | Vaults:5 | Entered Level 5 of the Vaults
 80834 | Vaults:5 | Noticed an ancient lich
 80901 | Vaults:5 | Killed an ancient lich
 80981 | Vaults:5 | Noticed an ancient lich
 80982 | Vaults:5 | Reached skill level 22 in Spellcasting
 80984 | Vaults:5 | Killed an ancient lich
 81513 | Vaults:5 | Noticed an ancient lich
 81625 | Vaults:5 | Killed an ancient lich
 81729 | Vaults:5 | Identified the cursed +0 dire flail of Lamuzol {pain, MR+}
 81732 | Vaults:5 | Reached skill level 23 in Spellcasting
 81812 | Vaults:5 | Identified the cursed +1 ring mail "Limy" {Int+4} (You
                  | found it on level 5 of the Vaults)
 81839 | Vaults:5 | Identified the +2 swamp dragon scales of Pragmatism {rPois
                  | rC+ Str+3 Int+5} (You found it on level 5 of the Vaults)
 82114 | Vaults:5 | Got a silver rune of Zot
 82170 | Vaults:5 | Identified the +2 leather armour "Teal" {MR+ Dex-5 Stlth+}
                  | (You found it on level 5 of the Vaults)
 82181 | Vaults:5 | Got a steaming marble ring
 82182 | Vaults:5 | Identified the ring "Owirit" {MR- Int+3 Dex+4 Slay+5
                  | Stlth-} (You found it on level 5 of the Vaults)
 82192 | Vaults:5 | Got a jewelled dagger
 82193 | Vaults:5 | Identified the +3 dagger of Logerevior {flame, *Rage Dex+4
                  | Stlth+} (You found it on level 5 of the Vaults)
 82296 | Vaults:5 | Identified the Handbook of the Whale
 83298 | Zig:1    | Entered Level 1 of a ziggurat
 83329 | Zig:2    | Entered Level 2 of a ziggurat
 83358 | Zig:3    | Entered Level 3 of a ziggurat
 83389 | Zig:4    | Entered Level 4 of a ziggurat
 83483 | Zig:5    | Entered Level 5 of a ziggurat
 83537 | Zig:6    | Entered Level 6 of a ziggurat
 83664 | Zig:7    | Entered Level 7 of a ziggurat
 83750 | Zig:8    | Entered Level 8 of a ziggurat
 83802 | Zig:8    | Got translucent storm dragon scales
 83813 | Zig:8    | Identified the cursed +1 storm dragon scales "Ryaf" {rElec
                  | rPois SInv} (You found it on level 8 of a ziggurat)
 83828 | Zig:9    | Entered Level 9 of a ziggurat
 83838 | Zig:9    | Found the +1 cloak of Starlight {rElec rC+ EV+4 Stlth--}
 83849 | Zig:9    | Identified the Reference Book on Shape Shifting and Boosts
 83912 | Zig:10   | Entered Level 10 of a ziggurat
 83925 | Zig:10   | Found the +10 zealot's sword {holy, *Rage rN+ EV+3}
 83955 | Zig:10   | Got a scorched iron ring
 83956 | Zig:10   | Identified the ring "Igha Aziwano" {rCorr rC+} (You found
                  | it on level 10 of a ziggurat)
 84093 | Zig:10   | Got an ancient glaive
 84099 | Zig:11   | Entered Level 11 of a ziggurat
 84120 | Zig:11   | Reached skill level 10 in Evocations
 84195 | Zig:11   | Reached skill level 24 in Spellcasting
 84245 | Zig:12   | Entered Level 12 of a ziggurat
 84253 | Zig:12   | Noticed an ancient lich
 84254 | Zig:12   | Noticed an ancient lich
 84257 | Zig:12   | Killed an ancient lich
 84258 | Zig:12   | Killed an ancient lich
 84263 | Zig:12   | HP: 2/255 [soul eater/drain life (16)]
 84264 | Zig:12   | Annihilated by a phantasmal warrior

Vault maps used:
D:1:      eino_arrival_cavern_b, chequers_big_river
D:2:      st_stairs_13, uniq_terence
D:3:      chequers_ecumenical_altar_island
D:4:      gammafunk_temple_overflow_wave, lemuel_round_altar,
          minmay_temple_entry_grid, serial_corexii_hall,
          corexii_hall_statues_deadend, corexii_hall_statues_l, first_ration,
          hangedman_decor_push, uniq_pikel
D:5:      kennysheep_little_box
D:6:      nrook_pool_corridor, bloody_trog, uniq_edmund
D:7:      overflow_temple_1_default, uniq_duvessa
D:8:      serial_shops, kennysheep_mini_moat, uniq_joseph, uniq_erica
D:9:      kennysheep_mini, dpeg_lair_monsters
D:10:     hangedman_cross_stitches, orc_0_dummy
D:11:     gauntlet_entry_generic, uniq_josephine
D:12:     hangedman_stone_soup, minmay_starry_boxes
D:13:     basic_altar, uniq_snorg
D:14:     hangedman_vaults_entry_quadrant_bands, tso_altar,
          grunt_decor_arrowhead, nrook_guardian_serpent_double
D:15:     grunt_enter_depths_snipers, fedhas_altar_fruit_tree
Temple:   regret_index_temple_sphere_string
Lair:1:   cheibrodos_lair_river_kwai, serial_bayou_pond_d
Lair:2:   elwin_shoals_entry_rocks, basic_altar
Lair:3:   grunt_megastairs_3, serial_bayou_shore_a, lemuel_fruit_tree
Lair:4:   minmay_snake_entry_guardpost_medium
Lair:5:   ldierk_geyser, minmay_holes, beast_lair_carwin_6, uniq_urug
Lair:6:   guppyfry_lair_end_dragon, hangedman_lair_tendril_chambers,
          slime_dummy, basic_altar, nicolae_quartered_pool_medium
Shoals:1: serial_shops, shop, ldierk_geyser
Shoals:4: shoals_end_simple, shoals_ilsuiw_alternative,
          nicolae_shoals_kraken_intersection
Snake:1:  special_room, uniq_agnes
Snake:2:  hangedman_snake_thin_pillar_pass, grunt_ministairs_14, uniq_roxanne
Snake:3:  serial_shops, shop, uniq_nikola
Snake:4:  grunt_snake_rune_serpentine_throne, serial_shops,
          nicolae_shop_behind_doors
Slime:2:  cheibrodos_slime_lost_civilization_5
Slime:3:  uniq_dissolution
Orc:1:    serial_shops, shop, uniq_maurice
Orc:2:    grunt_orc_tribal_feast, led_sif_book
Elf:1:    minmay_elf_arrival_summoners, portal_ice_cave_entry_pillars_four,
          kennysheep_underground_church
Elf:2:    serial_shops, nicolae_shop_crystal, nicolae_shop_waterfront, shop,
          spider_trap, serial_sigils_hangedman_confine
Elf:3:    minmay_elf_hall_hex
Vaults:1: grunt_vaults_twisty, nicolae_vaults_quartermaster,
          dpeg_vaults_monster_box, ontoclasm_vaults_twist,
          nicolae_vaults_little_squares_3, v_misc_10, v_misc_17,
          v_alt_pattern_6, nicolae_vaults_bisected_slash,
          ontoclasm_vaults_loading_screen, nicolae_vaults_mini_display_case,
          serial_shops, nicolae_shop_stone
Vaults:2: nicolae_vaults_three_branches, nicolae_vaults_sealed_display,
          ontoclasm_vaults_hangar, v_alt_pattern_5,
          nicolae_vaults_network_square, dpeg_vaults_monster_row,
          vaults_room_large_hall, vaults_mumra_hexcomb, vaults_room_grid,
          serial_shops, shop, uniq_xtahua, uniq_frederick, uniq_boris
Vaults:3: nicolae_vaults_back_hallway, v_pattern_2, v_misc_33,
          grunt_vaults_diagonal, nicolae_vaults_twisting_passages,
          vaults_standard_mumra_enter_the_diamond, ontoclasm_vaults_shuriken,
          minmay_crypt_entry_simple_statues, vaults_room_fancy_cross,
          nicolae_vaults_asterisk, grunt_vaults_funnel,
          ontoclasm_vaults_decontamination, nicolae_vaults_little_squares_3
Vaults:4: hangedman_vaults_stretched_pinwheel, vaults_dpeg_hooks,
          nicolae_vaults_yaktaur_gun_rack, v_misc_19, hangedman_vaults_unwind,
          nicolae_vaults_network_barrier, v_misc_10, vaults_dpeg_cross,
          v_misc_27, hangedman_vaults_stretched_pinwheel, ontoclasm_vaults_spin,
          ontoclasm_vaults_gateway, grunt_vaults_hallway_short,
          nicolae_vaults_theta, vaults_room_pool, vaults_dpeg_diagonal,
          nicolae_vaults_shelves_hall, grunt_vaults_hallway_short
Crypt:1:  basic_altar, uniq_jory, uniq_mennas, uniq_khufu
Crypt:2:  hangedman_summoners_spam
Crypt:3:  david_glass_crypt, nicolae_tomb_entry_unfolded_pyramid_diagonal,
          serial_co_window_serial, co_window_paths_a, co_window_corner_a,
          co_window_paths_a, co_window_paths_b, co_window_paths_a,
          co_window_corner_ca, co_window_paths_c, co_window_corner_ca,
          co_window_cross_4, co_window_unsneaky_path_c, glass_columns_b,
          glass_columns_b, glass_columns_a, glass_columns_b, glass_columns_b,
          columned_hall_lemuel
Depths:1: enter_ziggurat_d, grunt_metal_band, biasface_ghost_demon_polymorph,
          dk_noncrumbling_4, item_on_display_a
Depths:2: minmay_the_grid_net, serial_sigils, serial_sigils_hangedman_gut,
          serial_sigils_hangedman_etch, serial_sigils_hangedman_snap,
          serial_sigils_hangedman_shear, serial_sigils_hangedman_writhe,
          hell_entry, special_room, minmay_misc_feat_room,
          chequers_serial_rivers_marsh
Depths:3: regret_index_dithmenos_brocken_genspenst, ebering_ghost_disaster_area,
          hell_entry, kennysheep_nub, rand_demon_pan_entry_5,
          infiniplex_staircase_hallway_doors
Depths:4: hangedman_slaughterboxes, hell_entry, abyss_entry
Depths:5: grunt_zot_entry_alcove, hell_entry, muffindrake_ghost_dead_mans_drink,
          uniq_margery
Abyss:3:  kilobyte_mutagenic_chamber, evilmike_abyss_rune_tso_outpost
Zig:3:    ziggurat_pillar_centre_c
Zig:9:    ziggurat_pillar_centre_smoke
IceCv:    ice_cave_small_demon
Gauntlet: gammafunk_gauntlet_branching

Skill      XL: |  1  2  3  4  5  6  7  8  9 10 11 12 13 14 15 16 17 18 19 20 21 22 23 24 25 26 27 |
---------------+----------------------------------------------------------------------------------+-----
Conjurations   | 2 3 4 5 7 8 9 11 12 | 12.0
Spellcasting   | 3 4 6 7 10 11 14 16 17 18 19 20 24 | 24.3
Fire Magic     | 4 5 6 7 8 9 11 15 17 | 17.0
Fighting       | 5 7 10 11 15 | 15.0
Translocations | 2 |  2.0
Evocations     | 4 6 11 | 11.0
Shields        | 2 3 7 9 10 12 15 | 15.0
Charms         | 2 5 6 |  6.0
Air Magic      | 2 5 6 |  6.0
Poison Magic   | 8 10 | 10.0
Armour         | 4 8 |  8.8
Dodging        | 5 11 | 11.0
Earth Magic    | 4 11 15 18 22 | 22.0
Stealth        | |  3.0

Action                   |  1- 3 |  4- 6 |  7- 9 | 10-12 | 13-15 | 16-18 | 19-21 | 22-24 | 25-27 || total
-------------------------+-------+-------+-------+-------+-------+-------+-------+-------+-------++-------
Melee: Spear             |     2 |     3 |       |       |       |       |       |       |       ||     5
       Short sword       |       |    20 |    21 |       |       |       |       |       |       ||    41
       Trident           |       |       |   148 |   258 |       |       |       |       |       ||   406
       Falchion          |       |       |       |   179 |   488 |    23 |       |       |       ||   690
       Constrict         |       |       |       |       |   153 |    18 |     3 |     5 |     4 ||   183
       Demon trident     |       |       |       |       |       |    63 |       |       |       ||    63
       Staff             |       |       |       |       |       |       |     3 |     9 |    11 ||    23
Throw: Tomahawk          |       |       |     5 |       |       |       |       |       |       ||     5
 Cast: Flame Tongue      |    25 |   126 |   159 |   171 |    49 |       |       |       |       ||   530
       Conjure Flame     |       |     1 |    16 |    86 |    57 |     4 |       |       |       ||   164
       Sticky Flame      |       |       |    14 |    56 |    99 |    13 |       |       |       ||   182
       Mephitic Cloud    |       |       |     2 |     2 |       |       |       |       |       ||     4
       Fireball          |       |       |       |     7 |   206 |   227 |   198 |    29 |    30 ||   697
       Blink             |       |       |       |     2 |    15 |     5 |       |     4 |    16 ||    42
       Bolt of Magma     |       |       |       |       |    95 |    44 |       |       |       ||   139
       Deflect Missiles  |       |       |       |       |     1 |     4 |     2 |     1 |     4 ||    12
       Bolt of Fire      |       |       |       |       |       |    90 |   164 |   273 |   646 ||  1173
       Poison Arrow      |       |       |       |       |       |   103 |   323 |   173 |    51 ||   650
       Orb of Destructio |       |       |       |       |       |    46 |     8 |    27 |    59 ||   140
       Ignition          |       |       |       |       |       |       |    28 |    96 |    15 ||   139
       Shatter           |       |       |       |       |       |       |       |       |    97 ||    97
       Regeneration      |       |       |       |       |       |       |       |       |     1 ||     1
 Abil: Spit Poison       |    14 |    19 |    28 |     6 |       |       |       |       |       ||    67
       Evoke Invisibilit |       |       |       |       |       |       |     4 |       |       ||     4
       Evoke Fog         |       |       |       |       |       |       |       |       |     3 ||     3
Evoke: Box of beasts     |       |       |       |     2 |     1 |       |       |       |     1 ||     4
       Wand              |       |       |       |       |    10 |    10 |    24 |    18 |     6 ||    68
       Sack of spiders   |       |       |       |       |       |       |       |     1 |       ||     1
  Use: Scroll            |       |       |     9 |    11 |    17 |    20 |     8 |     3 |    24 ||    92
       Potion            |       |       |       |     2 |     2 |     7 |       |     4 |     4 ||    19
 Stab: Sleeping          |       |     1 |     5 |     3 |     3 |       |       |       |       ||    12
       Distracted        |       |       |     1 |       |       |       |       |       |       ||     1
  Eat: Chunk             |       |    11 |    17 |    25 |    33 |    14 |    16 |    25 |    25 ||   166
       Ration            |       |       |       |       |     4 |     5 |     8 |    14 |    18 ||    49
Armor: Robe              |     2 |    19 |    87 |   274 |   266 |       |       |    35 |   133 ||   816
       Skin              |       |       |       |       |    11 |       |       |       |       ||    11
       Leather armour    |       |       |       |       |    20 |    77 |    74 |    20 |       ||   191
Dodge: Dodged            |    10 |    50 |   106 |   262 |   385 |   241 |   103 |   130 |   247 ||  1534
       Deflected         |       |       |       |       |    20 |    37 |    63 |    37 |    21 ||   178
Block: Buckler           |       |       |       |    69 |   134 |     4 |       |       |       ||   207
       Shield            |       |       |       |       |    78 |   210 |    89 |       |       ||   377
       Large shield      |       |       |       |       |       |       |   132 |   262 |   526 ||   920
       Rpst.: Falchion   |       |       |       |    27 |    88 |     5 |       |       |       ||   120

Table legend:
 A = Non-vault XP
 B = Vault XP
 C = Vault XP percentage of total XP
 D = Non-vault monster count
 E = Vault monster count
 F = Vault count percentage of total count
                 A         B        C        D         E       F
            +---------+---------+-------+---------+---------+-------
      Total |  859776 |  836107 |  49.3 |    1806 |     862 |  32.3
            +---------+---------+-------+---------+---------+-------
        D:1 |      69 |       0 |   0.0 |      30 |       0 |   0.0
        D:2 |     115 |      38 |  24.8 |      29 |       2 |   6.5
        D:3 |     384 |       0 |   0.0 |      38 |       0 |   0.0
        D:4 |     599 |     641 |  51.7 |      26 |       1 |   3.7
        D:5 |     870 |       0 |   0.0 |      16 |       0 |   0.0
        D:6 |     714 |     157 |  18.0 |      25 |       1 |   3.8
        D:7 |    1182 |     223 |  15.9 |      26 |       2 |   7.1
        D:8 |    1056 |    3141 |  74.8 |      32 |       4 |  11.1
        D:9 |    2584 |    1065 |  29.2 |      26 |       5 |  16.1
       D:10 |    4016 |    2291 |  36.3 |      48 |      10 |  17.2
       D:11 |    3681 |    2039 |  35.6 |      31 |       6 |  16.2
       D:12 |    4327 |    3410 |  44.1 |      26 |      11 |  29.7
       D:13 |    9346 |    1579 |  14.5 |      39 |       2 |   4.9
       D:14 |    3378 |    5900 |  63.6 |      19 |      17 |  47.2
       D:15 |   12736 |    9562 |  42.9 |      30 |       7 |  18.9
     Lair:1 |    4875 |    1518 |  23.7 |      22 |       5 |  18.5
     Lair:2 |    2785 |       0 |   0.0 |      12 |       0 |   0.0
     Lair:3 |    6163 |    1853 |  23.1 |      21 |       7 |  25.0
     Lair:4 |    3826 |     953 |  19.9 |      17 |       6 |  26.1
     Lair:5 |    4772 |    2689 |  36.0 |      13 |       7 |  35.0
     Lair:6 |   12435 |   15185 |  55.0 |      39 |      55 |  58.5
   Shoals:1 |   19179 |       0 |   0.0 |      41 |       0 |   0.0
   Shoals:2 |   13719 |       0 |   0.0 |      28 |       0 |   0.0
   Shoals:3 |   19357 |       0 |   0.0 |      39 |       0 |   0.0
   Shoals:4 |   13941 |   29498 |  67.9 |      24 |      42 |  63.6
    Snake:1 |   14815 |    2107 |  12.5 |      27 |       1 |   3.6
    Snake:2 |   22007 |    2522 |  10.3 |      42 |       3 |   6.7
    Snake:3 |   20457 |    4315 |  17.4 |      35 |       2 |   5.4
    Snake:4 |   26353 |   41340 |  61.1 |      39 |      60 |  60.6
    Slime:1 |    7323 |       0 |   0.0 |      13 |       0 |   0.0
    Slime:2 |    7237 |       0 |   0.0 |      14 |       0 |   0.0
    Slime:3 |   17447 |       0 |   0.0 |      37 |       0 |   0.0
    Slime:4 |   21357 |       0 |   0.0 |      52 |       0 |   0.0
    Slime:5 |   15309 |   32779 |  68.2 |      18 |      13 |  41.9
      Orc:1 |    3517 |     621 |  15.0 |      37 |       1 |   2.6
      Orc:2 |    2615 |    8175 |  75.8 |      25 |      32 |  56.1
      Elf:1 |   16835 |    6325 |  27.3 |      26 |      10 |  27.8
      Elf:2 |   30074 |    3077 |   9.3 |      58 |       5 |   7.9
      Elf:3 |   20705 |   60350 |  74.5 |      35 |      40 |  53.3
   Vaults:1 |   10635 |   18462 |  63.4 |      37 |      27 |  42.2
   Vaults:2 |   20050 |   41125 |  67.2 |      28 |      37 |  56.9
   Vaults:3 |   15638 |   25022 |  61.5 |      25 |      21 |  45.7
   Vaults:4 |   40463 |   31624 |  43.9 |      54 |      37 |  40.7
   Vaults:5 |   35345 |  127605 |  78.3 |      52 |      86 |  62.3
    Crypt:1 |   22375 |   15847 |  41.5 |      31 |       4 |  11.4
    Crypt:2 |   27997 |   10452 |  27.2 |      44 |      12 |  21.4
    Crypt:3 |   24132 |   37685 |  61.0 |      36 |      24 |  40.0
   Depths:1 |   39408 |   12415 |  24.0 |      57 |      15 |  20.8
   Depths:2 |   40158 |   62939 |  61.0 |      49 |      51 |  51.0
   Depths:3 |   35261 |   29074 |  45.2 |      50 |      32 |  39.0
   Depths:4 |    3277 |  123770 |  97.4 |       4 |      87 |  95.6
   Depths:5 |   31237 |   40324 |  56.3 |      32 |      29 |  47.5
    Abyss:2 |   11635 |       0 |   0.0 |      27 |       0 |   0.0
    Abyss:3 |    2891 |       0 |   0.0 |       5 |       0 |   0.0
      Zig:1 |     441 |       0 |   0.0 |       2 |       0 |   0.0
      Zig:2 |    2381 |       0 |   0.0 |       3 |       0 |   0.0
      Zig:3 |    3525 |       0 |   0.0 |       8 |       0 |   0.0
      Zig:4 |    5598 |       0 |   0.0 |       5 |       0 |   0.0
      Zig:5 |    5012 |       0 |   0.0 |      11 |       0 |   0.0
      Zig:6 |    8552 |       0 |   0.0 |       6 |       0 |   0.0
      Zig:7 |    7647 |       0 |   0.0 |      12 |       0 |   0.0
      Zig:8 |   12385 |       0 |   0.0 |      12 |       0 |   0.0
      Zig:9 |   19342 |       0 |   0.0 |      11 |       0 |   0.0
     Zig:10 |   13765 |      50 |   0.4 |      20 |       1 |   4.8
     Zig:11 |   14112 |       0 |   0.0 |      16 |       0 |   0.0
     Zig:12 |   34354 |     662 |   1.9 |      14 |       1 |   6.7
      IceCv |       0 |   11573 | 100.0 |       0 |      30 | 100.0
   Gauntlet |       0 |    4125 | 100.0 |       0 |      11 | 100.0
            +---------+---------+-------+---------+---------+-------
